 Dungeon Crawl Stone Soup version 0.30-b1-2-g02819fbbbe (webtiles) character file.

Game seed: 1371861410813950091

172 Fartwhistle the Skirmisher (level 5, -4/43 HPs)
             Began as a Gnoll Hunter on Sept 18, 2023.
             Slain by an iguana (8 damage)
             ... on level 4 of the Dungeon.
             The game lasted 00:05:40 (2454 turns).

Fartwhistle the Skirmisher (Gnoll Hunter)           Turns: 2454, Time: 00:05:41

Health: -4/43      AC: 10    Str: 10    XL:     5   Next: 53%
Magic:  7/7        EV: 13    Int: 10    God:
Gold:   87         SH:  0    Dex: 16    Spells: 7/7 levels left

rFire   . . .        i - +1 dagger (protect)
rCold   . . .        (no shield)
rNeg    . . .        c - +0 leather armour
rPois   .            (no helmet)
rElec   .            (no cloak)
rCorr   .            (no gloves)
SInv    .            (no boots)
Will    .....        (no amulet)
Stlth   ++           h - ring of wizardry
HPRegen 0.27/turn    (no ring)
MPRegen 0.10/turn

%: wizardry (x1)
@: under a protective aura
A: fangs 1, strong nose, distributed training
a: no special abilities


You were on level 4 of the Dungeon.
You visited 1 branch of the dungeon, and saw 4 of its levels.

You collected 157 gold pieces.
You spent 70 gold pieces at shops.

Inventory:

Hand Weapons
 a - a +0 shortbow
 i - a +1 dagger of protection (weapon)
 q - a +2 dagger of draining
Missiles
 t - 6 poisoned darts
Armour
 c - a +0 leather armour (worn)
Jewellery
 h - a ring of wizardry (left hand)
Scrolls
 b - a scroll of immolation
 d - 3 scrolls of identify {unknown}
 e - a scroll of enchant weapon {unknown}
 f - 3 scrolls of fog {unknown}
 r - a scroll of teleportation {unknown}
 s - 2 scrolls of magic mapping {unknown}
 u - 2 scrolls of fear {unknown}
Potions
 g - 4 potions of curing {unknown}
 j - a potion of magic {unknown}
 k - a potion of flight {unknown}
 l - a potion of degeneration {unknown}
 m - 3 potions of heal wounds {unknown}
 n - a potion of berserk rage {unknown}
 o - 2 potions of might
 p - a potion of lignification


   Skills:
 + Level 4.8 Fighting
 + Level 1.6 Short Blades
 + Level 1.6 Long Blades
 + Level 1.6 Axes
 + Level 1.6 Maces & Flails
 + Level 1.6 Polearms
 + Level 1.6 Staves
 + Level 8.6 Ranged Weapons
 + Level 1.6 Throwing
 + Level 1.6 Armour
 + Level 4.8 Dodging
 + Level 2.8 Stealth
 + Level 1.6 Shields
 + Level 1.6 Unarmed Combat
 + Level 1.6 Spellcasting
 + Level 1.2 Conjurations
 + Level 1.2 Hexes
 + Level 1.2 Summonings
 + Level 1.2 Necromancy
 + Level 1.2 Translocations
 + Level 1.2 Transmutations
 + Level 1.2 Fire Magic
 + Level 1.2 Ice Magic
 + Level 1.2 Air Magic
 + Level 1.2 Earth Magic
 + Level 1.2 Poison Magic
 + Level 1.8 Invocations
 + Level 1.6 Evocations


You had 7 spell levels left.
You didn't know any spells.
Your spell library was empty.

Dungeon Overview and Level Annotations

Branches:
Dungeon (4/15)
 Temple: D:4-7

Altars:
Ashenzari
Trog
Vehumet
Xom

Shops:
D:2 !   D:3 (


Innate Abilities, Weirdness & Mutations

You have very sharp teeth.
Your uncanny sense of smell can sniff out nearby items.
Your experience applies equally to all skills.


Message History

The arrow hits the iguana but does no damage.
You shoot an arrow.
The arrow hits the iguana but does no damage.
You shoot an arrow.
The arrow hits the iguana but does no damage.
You shoot an arrow. The arrow hits the iguana!
The iguana is heavily wounded.
You shoot an arrow.
The arrow hits the iguana but does no damage.
The iguana is heavily wounded.
You shoot an arrow. The arrow hits the iguana.
The iguana is severely wounded.
The iguana bites you!
You shoot an arrow. The arrow barely misses the iguana.
The iguana barely misses you.
You shoot an arrow.
The arrow hits the iguana but does no damage.
The iguana is severely wounded.
The iguana bites you!
You are too injured to fight recklessly!
You are too injured to fight recklessly!
You are too injured to fight recklessly!
You are too injured to fight recklessly!
Your +1 dagger of protection hums with potential!
i - a +1 dagger of protection (weapon)
The iguana bites you!
* * * LOW HITPOINT WARNING * * *
You hit the iguana but do no damage.
Your weapon exudes an aura of protection.
The iguana is severely wounded.
The iguana bites you!
* * * LOW HITPOINT WARNING * * *
You barely miss the iguana.
The iguana is severely wounded.
The iguana barely misses you.
Unknown command.
You hit the iguana but do no damage.
The iguana is severely wounded.
The iguana bites you!
You die...

........'..............
######.#.........##...
#.#.........##.##
#.#....#.#'###.#
#.######.#.# #.# #....#
#.#.# #.## #....# #.#.#
#... ########....#
#.#.# ##..
......l@....# #.... #..
.########...# ##.## #..
...# . ### ...# ....
...# .### ...# ..## .
..# . ∆ .


You could see an iguana.

Vanquished Creatures
  Terence (D:3)
  An orc wizard (D:4)
  A gnoll (D:1)
  4 adders
  4 worms
  A dart slug (D:1)
  5 orcs
  8 bats
  7 endoplasms
  2 giant cockroaches
  4 hobgoblins
  3 jackals (D:3)
  7 kobolds
  2 ball pythons
  2 frilled lizards (D:1)
  4 goblins
  3 rats
59 creatures vanquished.

Notes
Turn   | Place    | Note
-------+----------+-------------------------------------------
     0 | D:1      | Fartwhistle the Gnoll Hunter began the quest for the Orb.
     0 | D:1      | Reached XP level 1. HP: 20/20 MP: 1/1
    97 | D:1      | Reached XP level 2. HP: 26/26 MP: 2/2
   332 | D:1      | Reached XP level 3. HP: 31/31 MP: 3/3
   635 | D:2      | Reached skill level 1 in Invocations
   737 | D:2      | Reached skill level 1 in Short Blades
   737 | D:2      | Reached skill level 1 in Long Blades
   737 | D:2      | Reached skill level 1 in Axes
   737 | D:2      | Reached skill level 1 in Maces & Flails
   737 | D:2      | Reached skill level 1 in Polearms
   737 | D:2      | Reached skill level 1 in Staves
   737 | D:2      | Reached skill level 1 in Throwing
   737 | D:2      | Reached skill level 1 in Armour
   737 | D:2      | Reached skill level 1 in Shields
   737 | D:2      | Reached skill level 1 in Unarmed Combat
   737 | D:2      | Reached skill level 1 in Spellcasting
   737 | D:2      | Reached skill level 1 in Evocations
  1164 | D:2      | Found Fizig's Distillery.
  1315 | D:2      | Bought a potion of might for 40 gold pieces
  1315 | D:2      | Bought a potion of lignification for 30 gold pieces
  1358 | D:3      | Reached XP level 4. HP: 38/38 MP: 5/5
  1381 | D:3      | Found Muytur's Weapon Boutique.
  1476 | D:3      | Reached skill level 1 in Conjurations
  1476 | D:3      | Reached skill level 1 in Hexes
  1476 | D:3      | Reached skill level 1 in Summonings
  1476 | D:3      | Reached skill level 1 in Necromancy
  1476 | D:3      | Reached skill level 1 in Translocations
  1476 | D:3      | Reached skill level 1 in Transmutations
  1476 | D:3      | Reached skill level 1 in Fire Magic
  1476 | D:3      | Reached skill level 1 in Ice Magic
  1476 | D:3      | Reached skill level 1 in Air Magic
  1476 | D:3      | Reached skill level 1 in Earth Magic
  1476 | D:3      | Reached skill level 1 in Poison Magic
  1789 | D:3      | Noticed Terence
  1812 | D:3      | Killed Terence
  1813 | D:3      | Reached XP level 5. HP: 13/43 MP: 5/7
  2371 | D:4      | Found a broken altar of Ashenzari.
  2378 | D:4      | Found a shimmering altar of Xom.
  2379 | D:4      | Found a radiant altar of Vehumet.
  2380 | D:4      | Found a bloodstained altar of Trog.
  2454 | D:4      | Slain by an iguana

Illustrated notes

Levels and vault maps discovered:
D:1:      giann_horns, layout_loops_cross, dk_noncrumbling_4
D:2:      layout_basic, serial_shops, shop
D:3:      layout_basic, serial_shops, shop_fountains, minmay_misc_feat_doors,
          uniq_terence
D:4:      layout_basic, mainiacjoe_overflow_paths, ashenzari_altar_1,
          chequers_temple_overflow_statue_of_worship, general_overflow_altar

Skill      XL: |  1  2  3  4 |
---------------+-------------+-----
Invocations    | 1 |  1.8
Short Blades   | 1 |  1.6
Long Blades    | 1 |  1.6
Axes           | 1 |  1.6
Maces & Flails | 1 |  1.6
Polearms       | 1 |  1.6
Staves         | 1 |  1.6
Throwing       | 1 |  1.6
Armour         | 1 |  1.6
Shields        | 1 |  1.6
Unarmed Combat | 1 |  1.6
Spellcasting   | 1 |  1.6
Evocations     | 1 |  1.6
Conjurations   | 1 |  1.2
Hexes          | 1 |  1.2
Summonings     | 1 |  1.2
Necromancy     | 1 |  1.2
Translocations | 1 |  1.2
Transmutations | 1 |  1.2
Fire Magic     | 1 |  1.2
Ice Magic      | 1 |  1.2
Air Magic      | 1 |  1.2
Earth Magic    | 1 |  1.2
Poison Magic   | 1 |  1.2
Fighting       | |  4.8
Ranged Weapons | |  8.6
Dodging        | |  4.8
Stealth        | |  2.8

Action                     |  1- 3 |  4- 6 || total
---------------------------+-------+-------++-------
  Melee: Dagger            |       |    22 ||    22
         Bite              |       |     3 ||     3
   Fire: Shortbow          |    68 |    82 ||   150
 Armour: Leather armour    |     2 |     5 ||     7
  Dodge: Dodged            |     1 |    20 ||    21
